 Dungeon Crawl Stone Soup version 0.31-a0-145-g046c7d2549 (webtiles) character file.

Game seed: 18211645279500240202

157 uvd540 the Trooper (level 5, 0/47 HPs)
             Began as a Minotaur Berserker on June 6, 2023.
             Was a Believer of Trog.
             Slain by a gnoll
             ... wielding a +1 halberd of venom
              (5 damage)
             ... on level 6 of the Dungeon.
             The game lasted 00:12:22 (1853 turns).

uvd540 the Trooper (Minotaur Berserker)             Turns: 1853, Time: 00:12:25

Health: 0/47       AC: 11    Str: 34    XL:     5   Next: 15%
Magic:  4/4        EV: 11    Int:  4    God:    Trog [**....]
Gold:   76         SH:  0    Dex: 11    Spells: 4/4 levels left

rFire   . . .        a - +0 spear
rCold   . . .        (no shield)
rNeg    . . .        k - +1 scale mail
rPois   .            (helmet restricted)
rElec   .            m - scarf {repulsion}
rCorr   .            (no gloves)
SInv    .            s - +2 pair of boots
Will    ++...        (no amulet) Stlth
                     g - +6 ring of strength
HPRegen 1.27/turn    d - +6 ring of strength
MPRegen 0.09/turn

%: repel missiles
@: lethally poisoned (0 -> -4), strong-willed, regenerating, hasted, very quick
A: horns 2, retaliatory headbutt
a: Renounce Religion, Berserk, Trog's Hand


You were on level 6 of the Dungeon.
You worshipped Trog.
Trog was pleased with you.
You visited 1 branch of the dungeon, and saw 4 of its levels.

You collected 76 gold pieces.

Inventory:

Hand Weapons
 a - a +0 spear (weapon)
Missiles
 q - 2 javelins (quivered)
 u - 5 poisoned darts
Armour
 k - a +1 scale mail (worn)
 m - a scarf of repulsion (worn)
 s - a +2 pair of boots (worn)
Jewellery
 d - a +6 ring of strength (right hand)
 g - a +6 ring of strength (left hand)
 r - a ring of protection from fire
 t - a ring of resist corrosion
Wands
 v - a wand of mindburst (15)
Scrolls
 b - a scroll of enchant armour
 f - a scroll of noise {unknown}
 i - a scroll of torment {unknown}
 j - a scroll of fog {unknown}
 l - a scroll of blinking {unknown}
 n - a scroll of poison {unknown}
 p - a scroll of silence {unknown}
 x - 3 scrolls of identify {unknown}
 y - a scroll of teleportation {unknown}
 z - a scroll of enchant weapon {unknown}
Potions
 c - 3 potions of curing {unknown}
 e - a potion of heal wounds {unknown}
 o - 2 potions of lignification {unknown}
 w - a potion of attraction {unknown}


   Skills:
 + Level 4.5 Fighting
 + Level 4.5 Polearms
 + Level 3.6 Armour
 + Level 3.3 Dodging
 + Level 2.2 Shields


You had 4 spell levels left.
You didn't know any spells.
Your spell library was empty.

Dungeon Overview and Level Annotations

Branches:
Dungeon (3/15)

Altars:
Nemelex Xobeh

Shops:
D:1 *

Annotations:
D:6 Pikel


Innate Abilities, Weirdness & Mutations

You have a pair of horns on your head.
You reflexively headbutt those who attack you in melee.


Message History

The lemure attacks as you move away! The lemure misses you.
The lemure attacks as you move away! The lemure closely misses you.
The lemure attacks as you move away! The lemure hits you!
A gnoll comes into view. It is wielding a +0 spear.
Found a scroll labelled OVEUNI YHOFUU.
The gnoll shouts!
Throw: 4 javelins
Press: ? - help, Q - select action, (/) - cycle Shift-Dir - straight line, f - lemure
Aim: a lemure (50% to hit)
You throw a javelin. The javelin pierces through the lemure.
The lemure is lightly wounded.
The lemure barely misses you.
Throw: 3 javelins
Press: ? - help, Q - select action, (/) - cycle Shift-Dir - straight line, f - gnoll, p - lemure
Aim: a gnoll, wielding a +0 spear (61% to hit)
You throw a javelin. The javelin pierces through the gnoll!
The gnoll is heavily wounded.
The javelin barely misses the gnoll.
The gnoll closely misses you. The lemure hits you.
* * * LOW HITPOINT WARNING * * *
Okay, then.
Okay, then.
Your skin crawls.
You feel strong-willed.
The gnoll hits you from afar with a +0 spear.
* * * LOW HITPOINT WARNING * * *
The lemure closely misses you. The lemure barely misses you.
The gnoll barely misses you.
Found a pink potion.
The lemure hits you but does no damage. The gnoll barely misses you.
The gnoll hits you from afar with a +1 halberd of venom.
* * * LOW HITPOINT WARNING * * *
You are poisoned.
You feel yourself speed up.
You feel very sick. The gnoll hits you but does no damage.
The lemure barely misses you. The lemure hits you.
* * * LOW HITPOINT WARNING * * *
The gnoll hits you from afar with a +1 halberd of venom.
You die...

........(.. ..........
... .?........ ....
!........#####....
........#.......
#...gg#.....#
#####....#.....###. ...
....'..@5O.....(......>
...##...5#.....## .....
#....#.....# #.....
#....#..K..###...#
###..#.........#
#..#...O.....###
#.####.........# ..#
#.....)...##
##........#


You could see an ogre, 2 lemures and 2 gnolls.

Vanquished Creatures
  A lemure (D:6)
  Jessica (D:2)
  Ijyb (D:3)
  Terence (D:2)
  An adder (D:2)
  A gnoll (D:6)
  A worm (D:3)
  3 dart slugs (D:2)
  2 orcs (D:3)
  4 bats
  3 endoplasms
  2 giant cockroaches (D:1)
  3 goblins
  3 hobgoblins
  8 jackals
  4 kobolds
  A quokka (D:1)
  6 ball pythons
  4 frilled lizards
  6 rats
56 creatures vanquished.

Notes
Turn   | Place    | Note
-------+----------+-------------------------------------------
     0 | D:1      | uvd540 the Minotaur Berserker began the quest for the Orb.
     0 | D:1      | Reached XP level 1. HP: 19/19 MP: 0/0
    52 | D:1      | Found Rits's Assorted Antiques.
   250 | D:1      | Reached XP level 2. HP: 27/27 MP: 1/1
   381 | D:1      | Reached skill level 1 in Shields
   735 | D:1      | Found a faded altar of an unknown god.
   744 | D:1      | Reached XP level 3. HP: 31/33 MP: 2/2
  1150 | D:2      | Reached ** piety under Trog
  1154 | D:2      | Noticed Terence
  1161 | D:2      | Noticed Jessica
  1162 | D:2      | Killed Terence
  1165 | D:2      | Killed Jessica
  1166 | D:2      | Reached XP level 4. HP: 30/40 MP: 3/3
  1583 | D:3      | Found a sparkling altar of Nemelex Xobeh.
  1667 | D:3      | Noticed Ijyb
  1671 | D:3      | Killed Ijyb
  1672 | D:3      | Reached XP level 5. HP: 19/47 MP: 4/4
  1805 | D:3      | Identified the +0 ring mail of Fortification {rN+}
  1811 | D:3      | You fall into a shaft and drop 3 floors!
  1823 | D:6      | Noticed a lemure
  1824 | D:6      | Noticed a lemure
  1834 | D:6      | Noticed a lemure
  1835 | D:6      | Noticed an ogre
  1838 | D:6      | Noticed Pikel
  1839 | D:6      | Killed a lemure
  1853 | D:6      | Slain by a gnoll

Illustrated notes

Levels and vault maps discovered:
D:1:      lightli_arrival_statue_moat, layout_basic, serial_shops,
          nicolae_shop_statue_plus, basic_ecumenical_altar
D:2:      layout_rooms, feat_on_display, uniq_jessica, uniq_terence
D:3:      layout_loops_ring, nemelex_spade_bored_becter, uniq_ijyb
D:6:      layout_basic, minmay_overflow_temple_star_quad,
          gammafunk_ghost_cemetery, uniq_crazy_yiuf_cottage, uniq_pikel

Skill      XL: |  1  2  3  4 |
---------------+-------------+-----
Shields        | 1 2 |  2.2
Fighting       | 4 |  4.5
Armour         | 3 |  3.6
Polearms       | 4 |  4.5
Dodging        | 3 |  3.3

Action                     |  1- 3 |  4- 6 || total
---------------------------+-------+-------++-------
  Melee: Spear             |    80 |    52 ||   132
         Headbutt          |    11 |    13 ||    24
  Throw: Javelin           |       |     2 ||     2
 Invoke: Trog's Hand       |       |     1 ||     1
    Use: Scroll            |       |     1 ||     1
         Potion            |       |     1 ||     1
 Armour: Leather armour    |     4 |       ||     4
         Animal skin       |     3 |       ||     3
         Ring mail         |     3 |     1 ||     4
         Scale mail        |       |    16 ||    16
  Dodge: Dodged            |    33 |    34 ||    67

Table legend: (Time is in decaauts)
 A = Elapsed time spent in this place.
 B = Non-inter-level travel time spent in this place.
 C = Inter-level travel time spent in this place.
 D = Time resting spent in this place.
 E = Time spent auto-exploring this place.
 F = Levels seen in this place.
 G = Mean time per level.
                   A        B        C        D        E       F      G
               +--------+--------+--------+--------+--------+-----+--------+
         Total |   1839 |   1795 |     44 |      0 |   1024 |   4 |  459.8 |
       Dungeon |   1839 |   1795 |     44 |      0 |   1024 |   4 |  459.8 |
               +--------+--------+--------+--------+--------+-----+--------+

Top non-repeatable levels by time:
     D:1: 1044 daAuts
     D:2: 484 daAuts
     D:3: 269 daAuts
     D:6: 41 daAuts
